[Event "Early-Titled-Tuesday-Blitz-February-27-2024"]
[Site "Chess.com"]
[Date "2024.02.27"]
[Round "3"]
[White "janhelmer03"]
[Black "burbur555"]
[Result "1-0"]
[WhiteElo "2331"]
[BlackElo "2552"]
[TimeControl "180+1"]
[EndTime "8:29:00 PST"]
[Termination "janhelmer03 won on time"]

1. d4 c6 2. Nf3 d5 3. c4 Nf6 4. cxd5 cxd5 5. Nc3 e6 6. Bf4 Bd6 7. Bxd6 Qxd6 8. e3 a6 9. Bd3 b5 10. O-O Bb7 11. Ne5 Nbd7 12. f4 Nb6 13. Rc1 O-O 14. Qf3 Rac8 15. a3 Nc4 16. Nxc4 bxc4 17.
Bb1 Nd7 18. Qh3 f5 19. g4 g6 20. gxf5 exf5 21. Qg3 Kh8 22. h4 Nf6 23. Kg2 Rce8 24. Rce1 Re6 25. Bc2 Rfe8 26. Na4 Ng4 27. Rf3 R6e7 28.
Nc5 Bc8 29. Ba4 Rg8 30. Rff1 Nf6 31. Bd1 Ne4 32. Nxe4 fxe4 33. Rh1 Rb7 34. Re2 h5 35.
Qg5 Kh7 36. Rf2 Rf7 37. Kh2 Rf5 38. Qg3 Qe7 39. Rg1 Rf7 40. Rfg2 Rfg7 41. Qg5 Qxg5 42. Rxg5 Rb7 43. R1g2 Bf5 44. Bxh5 Rb6 45. Bxg6+ Bxg6 46. Rxd5 Rgb8 47. h5 Be8 48. Re5 Rxb2 49. Re7+ Kh6 50. Rxb2 Rxb2+ 51. Kg3 Bb5 52. Rxe4 c3 53. Re6+ 1-0

[Event "Early-Titled-Tuesday-Blitz-February-27-2024"]
[Site "Chess.com"]
[Date "2024.02.27"]
[Round "3"]
[White "JaloliddinIlkhomi"]
[Black "Jospem"]
[Result "1/2-1/2"]
[WhiteElo "2762"]
[BlackElo "3073"]
[TimeControl "180+1"]
[EndTime "8:29:02 PST"]
[Termination "Game drawn by repetition"]

1. Nf3 c5 2. c3 Nf6 3. d4 e6 4. Bf4 b6 5. e3 Bb7 6. Nbd2 Be7 7. Bd3 O-O 8. h3 cxd4 9. exd4 d6 10. Qe2 a6 11. a4 Nbd7 12. O-O Re8 13. Nc4 Qc7 14.
Rfe1 Bf8 15. Ncd2 h6 16. Ne4 Bxe4 17. Bxe4 Nxe4 18. Qxe4 Nf6 19. Qd3 Qc6 20. Nd2 b5 21.
Ne4 Nxe4 22. Qxe4 d5 23. axb5 axb5 24. Qe2 b4 25. Rxa8 Rxa8 26. Rc1 bxc3 27. bxc3 Ra4 28.
Qd3 Rc4 29. Bd2 Qa6 30. Rb1 Qa8 31. Qg3 Qa2 32. Qd3 Bd6 33. g3 Rc8 34. Rb7 Qa4 35.
Qf3 Bc7 36. Bf4 Bxf4 37. Qxf4 Qe8 38. Qf3 Rd8 39. Kg2 Rc8 40. h4 Rd8 41. Kg1 Rd7 42. Rb3 Rc7 43. Qf4 Qc8 44. Kg2 Kh7 45. h5 Kg8 46.
Kg1 f6 47. Kg2 Kf7 48. Qd6 Qd7 49. Qxd7+ Rxd7 50. Kf3 Rc7 51. Ke3 e5 52. f3 Ke6 53.
g4 Kd6 54. Rb6+ Ke7 55. Kd3 Kf7 56. Rd6 e4+ 57. fxe4 dxe4+ 58. Kxe4 Rxc3 59. Rd7+ Kf8 60. Kf5 Rf3+ 61. Ke6 Re3+ 62. Kf5 Rf3+ 63. Ke6 Re3+ 64. Kf5 Rf3+ 1/2-1/2

[Event "Early-Titled-Tuesday-Blitz-February-27-2024"]
[Site "Chess.com"]
[Date "2024.02.27"]
[Round "3"]
[White "bescmelasti"]
[Black "KanalSzachowy"]
[Result "1-0"]
[WhiteElo "2652"]
[BlackElo "2457"]
[TimeControl "180+1"]
[EndTime "8:29:04 PST"]
[Termination "bescmelasti won by checkmate"]

1. e4 a6 2. d4 e6 3. Nf3 c5 4. d5 Qe7 5. Nc3 d6 6. a4 e5 7. a5 Bg4 8. h3 Bxf3 9. Qxf3 g6 10. h4 h5 11. Bg5 f6 12. Be3 Bh6 13. g3 Nd7 14. Bh3 Bxe3 15. Qxe3 Nh6 16. O-O g5 17.
Na4 gxh4 18. Bxd7+ Qxd7 19. Nb6 Qh3 20. Qf3 hxg3 21.
fxg3 Ng4 22. Rf2 Rd8 23. Rg2 Ke7 24. Rf1 Rdg8 25. Qf5 Qxg2+ 26. Kxg2 Ne3+ 27. Kh3 Nxf5 28. Rxf5 Rg4 29. Rxh5 Rxh5+ 30. Kxg4 Rh2 31. Kf5 Rf2+ 32. Kg6 Rxc2 33. Nc8+ Kd7 34. Nb6+ Ke7 35. Nc8+ Kd7 36. Nb6+ Kc7 37. Kxf6 Rg2 38. Ke7 Rxg3 39. Na8+ Kb8 40. Nb6 Rg5 41. Kxd6 Rg6+ 42. Kxe5 Kc7 43. Kf5 Rg2 44. e5 Rxb2 45. d6+ Kd8 46. e6 Rb1 47. e7+ Ke8 48. Ke6 Re1+ 49. Kd5 Rc1 50. Nc4 b5 51.
axb6 Rd1+ 52. Kc6 Rc1 53. b7 Rxc4 54. b8=Q+ Kf7 55. e8=Q+ Kf6 56. Qc7 Kf5 57. Qce7 Re4 58. Q8f8+ Kg4 59. Qeg7+ Kh4 60. Qfh8# 1-0

[Event "Early-Titled-Tuesday-Blitz-February-27-2024"]
[Site "Chess.com"]
[Date "2024.02.27"]
[Round "3"]
[White "dropstoneDP"]
[Black "ChessQueen"]
[Result "1-0"]
[WhiteElo "3041"]
[BlackElo "2741"]
[TimeControl "180+1"]
[EndTime "8:29:07 PST"]
[Termination "dropstoneDP won on time"]

1. e4 c6 2. d4 d5 3. Nd2 dxe4 4.
Nxe4 Nf6 5. Qd3 Nbd7 6. c3 g6 7.
Nf3 Nxe4 8. Qxe4 Nf6 9. Qc2 Bg7 10. Be2 O-O 11. O-O Bf5 12. Qb3 Qb6 13. Re1 Rfe8 14. Bc4 Nd5 15. Ne5 Rad8 16. Qxb6 axb6 17. a4 Bc8 18. h3 f6 19. Nd3 Kf8 20. Nf4 e6 21. Bd2 Kf7 22. Nxd5 exd5 23. Bd3 Bf8 24. Bf4 Bd6 25.
Rxe8 Kxe8 26. Bxd6 Rxd6 27. b4 Kd8 28. h4 Rd7 29. f3 Re7 30. Kf2 Kc7 31. g4 Kd6 32. a5 bxa5 33. Rxa5 Bd7 34. Ra8 Be8 35. g5 fxg5 36.
hxg5 Kc7 37. f4 Kd6 38. Kf3 Kc7 39. f5 gxf5 40. Bxf5 Bd7 41. Bxd7 Kxd7 42. Rf8 b5 43. Kg4 Re4+ 44. Kh5 Re3 45. Rf7+ Ke6 46. Rxh7 Rh3+ 47.
Kg6 Rxc3 48. Rh4 Rb3 49. Kh7 Rg3 50. Kg6 Rg1 51. Rf4 Ke7 52. Rf7+ Ke8 53. Rf6 Rg4 54. Rxc6 Rxd4 55. Rc5 Rxb4 56. Rxd5 Kf8 57. Rf5+ Ke7 58. Kg7 Rb1 59. g6 b4 60. Rh5 b3 61. Kh7 b2 62.
Rh2 Kf6 63. g7 Rg1 64. Rf2+ 1-0

[Event "Early-Titled-Tuesday-Blitz-February-27-2024"]
[Site "Chess.com"]
[Date "2024.02.27"]
[Round "3"]
[White "Rakhmanov_Aleksandr"]
[Black "jraosam"]
[Result "1-0"]
[WhiteElo "2860"]
[BlackElo "1925"]
[TimeControl "180+1"]
[EndTime "8:29:07 PST"]
[Termination "Rakhmanov_Aleksandr won on time"]

1. c4 e5 2. Nf3 Nc6 3. d4 exd4 4.
Nxd4 Bc5 5. Nb3 Be7 6. Nc3 Nf6 7. Bf4 O-O 8. e3 Bb4 9. Be2 d5 10. O-O dxc4 11. Bxc4 Qe7 12. Rc1 Ne5 13. Nd5 Nxd5 14.
Qxd5 Bd6 15. Nd4 a6 16. h3 Kh8 17. Rfd1 Nxc4 18. Qxc4 Bxf4 19. exf4 c6 20. Re1 Qf6 21. Qc5 Rd8 22. Qe7 Bxh3 23. Qxf6 gxf6 24. Nb3 Be6 25. Nc5 Re8 26. b3 Rab8 27. Rcd1 Rbd8 28. Nxb7 Rxd1 29.
Rxd1 Rb8 30. Nc5 Rb5 31. Rc1 Bd5 32. f3 a5 33. Kf2 Rb4 34. g3 Kg7 35. Ke3 Rb8 36.
Kf2 Re8 37. Rc3 h5 38. Re3 Rh8 39. Re7 Kf8 40. Ra7 Kg7 41. Rxa5 h4 42. gxh4 Rxh4 43. Kg3 Rh1 44. Ne4 Rg1+ 45. Kf2 Rb1 46. Ra7 Rb2+ 47. Ke3 Rc2 48. Nd6 Rc3+ 49. Kd4 Rxf3 50. Nf5+ Kg6 51.
Ne7+ 1-0

[Event "Early-Titled-Tuesday-Blitz-February-27-2024"]
[Site "Chess.com"]
[Date "2024.02.27"]
[Round "3"]
[White "SantoBlue"]
[Black "Suleyman_Chess06"]
[Result "1-0"]
[WhiteElo "2961"]
[BlackElo "2721"]
[TimeControl "180+1"]
[EndTime "8:29:11 PST"]
[Termination "SantoBlue won by resignation"]

1. Nf3 d5 2. g3 Nf6 3. Bg2 e6 4. O-O Be7 5. c4 dxc4 6. Qa4+ Nbd7 7. Qxc4 a6 8. Qc2 O-O 9. d4 c5 10. Nc3 b5 11. Ne5 Nxe5 12. dxe5 Nd5 13. Rd1 Bb7 14.
a3 Qa5 15. Nxd5 Bxd5 16. Bxd5 exd5 17. Rxd5 Rad8 18. Bd2 Qc7 19. Rxd8 Rxd8 20. Bc3 Qd7 21. Qe4 h6 22. Kg2 Qd5 23. Qxd5 Rxd5 24. Kf3 f5 25.
exf6 Bxf6 26. Ke4 Rd7 27. Rc1 Bxc3 28. Rxc3 Re7+ 29. Kf3 c4 30. b3 cxb3 31. Rxb3 Rc7 32. e4 Rc5 33. Rd3 a5 34. Kf4 b4 35. axb4 axb4 36.
Rd8+ Kf7 37. Rb8 Rc4 38. h4 h5 39. Rb6 Rc2 40. f3 Rb2 41. Kg5 Rb3 42. Kf4 Rb2 43. e5 b3 44. Kf5 Rb1 45. e6+ Ke8 46. Rb8+ Ke7 47. Rb7+ Ke8 48. Rxg7 b2 49. Rb7 Rf1 50.
Rxb2 Rxf3+ 51. Kg5 Rxg3+ 52. Kxh5 Ke7 53. Re2 Rh3 54. Kg4 Rh1 55. h5 Rf1 56. Re5 Rg1+ 57. Kf5 Rg2 58. Re4 Rg1 59. h6 Rh1 60. Kg5 Rg1+ 61.
Rg4 Rh1 62. Kg6 Kxe6 63. h7 Rh2 64. Kg7 Kf5 65. Rg1 Kf4 66. h8=Q 1-0

[Event "Early-Titled-Tuesday-Blitz-February-27-2024"]
[Site "Chess.com"]
[Date "2024.02.27"]
[Round "3"]
[White "Makswolf200817"]
[Black "Sanan_Sjugirov"]
[Result "0-1"]
[WhiteElo "2724"]
[BlackElo "2976"]
[TimeControl "180+1"]
[EndTime "8:29:13 PST"]
[Termination "Sanan_Sjugirov won by resignation"]

1. d4 d5 2. c4 e6 3. Nf3 Nf6 4. g3 Bb4+ 5. Bd2 Be7 6. Bg2 O-O 7. O-O c6 8. Qc2 Nbd7 9. Rc1 a5 10. h4 h6 11. Bf4 a4 12. Nbd2 Nh5 13. e3 f5 14. Ne5 Nxf4 15. exf4 Nxe5 16. fxe5 dxc4 17.
Qxc4 Bd7 18. Rc3 Qb6 19. Rb1 Rfd8 20. Nf3 Qa6 21. Bf1 Qxc4 22. Bxc4 Kf8 23. a3 g5 24. Kg2 Kg7 25. Rg1 Re8 26. Ba2 Bd8 27. Kf1 Rc8 28. Ke2 Ba5 29. Rc2 g4 30. Nd2 Bb6 31. Nc4 Bxd4 32.
Rd1 c5 33. Nd6 Red8 34. Nxc8 Rxc8 35. Ke1 Kf8 36. Rdc1 Ke7 37. Bc4 b5 38. Be2 c4 39.
Rd1 Bxe5 40. Rcd2 Bc6 41. Kf1 Rc7 42. Kg1 Rd7 43. Rxd7+ Bxd7 44. Rd2 Bf6 45. Kf1 Bc6 46. Bd1 Bd5 47. Ke1 c3 48. Rxd5 exd5 49. bxc3 Bxc3+ 50. Ke2 Kd6 51. Bc2 Ke5 52. Bd3 b4 53. axb4 a3 54. Bc2 Bxb4 55. Bb3 f4 56. gxf4+ Ke4 57. f5 d4 58. f6 d3+ 59. Kd1 Kf3 60. f7 Kxf2 61. h5 g3 0-1

[Event "Early-Titled-Tuesday-Blitz-February-27-2024"]
[Site "Chess.com"]
[Date "2024.02.27"]
[Round "3"]
[White "sergoy"]
[Black "banhgiahuy2606"]
[Result "1/2-1/2"]
[WhiteElo "3062"]
[BlackElo "2650"]
[TimeControl "180+1"]
[EndTime "8:29:13 PST"]
[Termination "Game drawn - insufficient material"]

1. d4 Nf6 2. c4 g6 3. Nc3 Bg7 4. e4 d6 5. Nf3 O-O 6. Be2 Nbd7 7. O-O e5 8. Be3 Qe7 9. d5 c5 10. Ne1 Kh8 11. Nd3 Ng8 12. a3 f5 13.
f3 Ndf6 14. b4 b6 15. Rb1 h5 16.
bxc5 bxc5 17. Qa4 fxe4 18. Nxe4 Bf5 19. Ndf2 Bxe4 20. fxe4 Bh6 21. Bxh6 Nxh6 22. Qa6 Rab8 23. a4 Qc7 24. Rb5 Rb6 25. Rxb6 Qxb6 26. Qxb6 axb6 27. Rb1 Nd7 28. Nd1 Ra8 29. Nc3 Nf7 30. Bd1 Kg7 31. Bc2 Kf8 32. Nb5 Ke7 33. Nc3 Nd8 34.
Nb5 Nb7 35. Nc7 Rc8 36. Ne6 Na5 37. Bd3 Rb8 38. Kf2 Nf8 39. Nc7 Kd7 40. Nb5 Nh7 41. Kg3 Rf8 42. Nc3 Kc7 43. Nb5+ Kd7 44. Nxd6 Kxd6 45.
Rxb6+ Kc7 46. Rxg6 Nf6 47. Kh4 Ng4 48. Be2 Rf2 49.
Bf3 Nxh2 50. Bxh5 Rf4+ 51. Kg3 Nf1+ 52. Kh3 Rxe4 53. d6+ Kb6 54. Bf3 Re3 55. Rg8 e4 56. d7 Nc6 57. Rg6 Kc7 58. Rxc6+ Kxd7 59. Rxc5 exf3 60. gxf3 Rxf3+ 61. Kg2 Rf6 62. Rd5+ Kc6 63. Rd3 Kc5 64. Rf3 Rxf3 65. Kxf3 Nd2+ 66. Kg4 Nxc4 67. a5 Nxa5 1/2-1/2

[Event "Early-Titled-Tuesday-Blitz-February-27-2024"]
[Site "Chess.com"]
[Date "2024.02.27"]
[Round "3"]
[White "Roosters19"]
[Black "NikitaShnadrygin"]
[Result "0-1"]
[WhiteElo "2304"]
[BlackElo "2628"]
[TimeControl "180+1"]
[EndTime "8:29:14 PST"]
[Termination "NikitaShnadrygin won by resignation"]

1. d4 d5 2. Nf3 Nc6 3. Bf4 Bg4 4.
e3 e6 5. Nbd2 Bd6 6. Bg3 Nf6 7.
c3 O-O 8. Bd3 Qe7 9. Qb3 Rab8 10. Ne5 Bxe5 11. dxe5 Nd7 12. f4 Nc5 13. Qc2 Nxd3+ 14. Qxd3 Bf5 15. Qe2 b5 16. a3 a5 17.
O-O a4 18. Rae1 Na5 19. e4 dxe4 20. Nxe4 Nc4 21. Rf2 Rfd8 22. h3 Rd5 23. Qf3 Rbd8 24. Rfe2 Rd3 25. Qf2 Bxe4 26. Rxe4 Rd2 27. R4e2 R8d5 28.
Bh4 Qd7 29. Qa7 h6 30. Qf2 Rxe2 31. Rxe2 Rd1+ 32. Kh2 Qd3 33. Be7 Kh7 34. Bc5 c6 35.
Bd4 Rb1 36. g4 Qd1 37. Qg2 Qc1 38. Rf2 Rxb2 39. f5 Rxf2 40. Qxf2 Qd2 41. Qxd2 Nxd2 42. Kg3 c5 43. Be3 Ne4+ 44. Kf4 Nxc3 45. Bxc5 Nd5+ 46. Ke4 Kg8 47. h4 g6 48. Bd6 gxf5+ 49. gxf5 h5 50. fxe6 fxe6 51. Kd4 Kf7 52. Kc5 b4 53. Kc4 bxa3 54.
Bxa3 Kg6 55. Kb5 Kf5 56. Bc1 Kxe5 57. Kxa4 Kd4 58. Kb5 e5 59. Bb2+ Ke4 60. Kc5 Nf4 61.
Kd6 Nd3 62. Ba1 Kf4 63. Kd5 e4 64. Kd4 Nf2 65. Bc3 e3 66. Ba5 Kf3 67. Ke5 Kg4 68. Kf6 e2 69. Kg6 Nd3 70. Kh6 e1=Q 71. Bxe1 Nxe1 0-1

[Event "Early-Titled-Tuesday-Blitz-February-27-2024"]
[Site "Chess.com"]
[Date "2024.02.27"]
[Round "3"]
[White "Andrey_Klymchuk"]
[Black "Shuvalov"]
[Result "1-0"]
[WhiteElo "2717"]
[BlackElo "2485"]
[TimeControl "180+1"]
[EndTime "8:29:15 PST"]
[Termination "Andrey_Klymchuk won by resignation"]

1. e4 e6 2. d4 d5 3. Nd2 c5 4. exd5 exd5 5. Ngf3 Nc6 6. Bb5 Qe7+ 7. Be2 Qc7 8. dxc5 Bxc5 9. Nb3 Bb6 10. Bg5 Nge7 11. O-O O-O 12. c3 Bg4 13. Re1 Rfe8 14. Nfd4 Bd7 15.
Bf3 Ne5 16. Bf4 N7g6 17. Bg3 Bc6 18. Bh5 Qd7 19. Qc2 Ba4 20. Bxg6 Nxg6 21. Qf5 Rxe1+ 22. Rxe1 Re8 23. Rxe8+ Qxe8 24. h4 Qd7 25. Qf3 h6 26. Nf5 Ne7 27. Nbd4 Nxf5 28. Nxf5 Bc2 29. Nd4 Bxd4 30. cxd4 Be4 31. Qf4 Qc6 32. Qb8+ Kh7 33. h5 Qc1+ 34. Kh2 Qg5 35. Qe5 Qxe5 36. dxe5 d4 37.
f3 Bd5 38. a3 d3 39. Bf4 Kg8 40. Kg1 Kf8 41. Kf2 Ke8 42. Ke3 Bc4 43. Kd4 Ba6 44. a4 Kd7 45. b4 b6 46. b5 Bb7 47.
Kxd3 a6 48. bxa6 Bxa6+ 49. Ke3 b5 50. a5 b4 51. Kd4 Kc6 52. Bd2 Kb5 53. f4 Bc8 54.
Kd5 Be6+ 55. Kd6 Kxa5 56. Kc5 Ka6 57. Bxb4 Kb7 58. Kd4 Kc6 59. Bf8 g6 60. hxg6 fxg6 61. Bxh6 Kd7 62. Ke4 Bf5+ 63. Kf3 Ke6 64. g4 Bc2 65.
Kg3 Bd1 66. Bg5 Be2 67. Kh4 Bd1 68. Bd8 Be2 69. Bc7 Bd1 70. Kg5 Kf7 71. f5 gxf5 72. gxf5 Bb3 73. Bb6 Ba2 74. Ba5 Bb3 75. Bb4 Ba2 76.
Kf4 Ke8 77. e6 Kd8 78. Ke5 Bb1 79. f6 Bg6 80. f7 1-0

[Event "Early-Titled-Tuesday-Blitz-February-27-2024"]
[Site "Chess.com"]
[Date "2024.02.27"]
[Round "3"]
[White "VinzentSpitzl"]
[Black "Firouzja2003"]
[Result "0-1"]
[WhiteElo "2536"]
[BlackElo "3075"]
[TimeControl "180+1"]
[EndTime "8:29:16 PST"]
[Termination "Firouzja2003 won on time"]

1. e4 g6 2. d4 Bg7 3. Nc3 d6 4. Be3 a6 5. a4 b6 6. g4 Bb7 7.
Bg2 Nd7 8. Nge2 e5 9. h3 Ne7 10.
O-O O-O 11. Qd2 f5 12. f4 fxe4 13. Nxe4 d5 14. Ng5 exf4 15. Nxf4 Rf6 16. Nfe6 Qc8 17.
Nxg7 Kxg7 18. Bf4 h6 19. Rae1 hxg5 20. Rxe7+ Kf8 21. Bxg5 Kxe7 22. Bxf6+ Nxf6 23. Qf4 Qe6 24.
Qxc7+ Qd7 25. Qxb6 Rf8 26. g5 Nh7 27. Qxg6 Rxf1+ 28. Bxf1 Kd8 29. Bd3 Nf8 30. Qf6+ Qe7 31. Qxe7+ Kxe7 32. h4 a5 33. Kf2 Bc6 34. Kg3 Bxa4 35. c3 Bd1 36. Kf4 Kd6 37. Kf5 Bh5 38. Kf6 Nd7+ 39. Kg7 Ke7 40. Kh6 Bg4 41. h5 a4 42. g6 Nf6 43. Kg5 Bxh5 44. g7 Bf7 45. Bf5 Ne8 46. Bc2 Nxg7 47. Bxa4 Ne6+ 48. Kg4 Kd6 49. Bb3 Nc7 50. c4 dxc4 51. Bc2 Nb5 52. Kf4 Nxd4 53. Bd1 Kc5 54. Ke4 Nc6 55. Ke3 Nb4 56. Kd2 Kd4 57. Be2 Nd3 58. b3 c3+ 59. Kc2 Nb4+ 60. Kc1 Bxb3 61.
Bf3 Na2+ 62. Kb1 c2+ 63. Kb2 c1=Q+ 64. Kxb3 Qb1+ 0-1

[Event "Early-Titled-Tuesday-Blitz-February-27-2024"]
[Site "Chess.com"]
[Date "2024.02.27"]
[Round "3"]
[White "conformalfunction"]
[Black "arenal72"]
[Result "1/2-1/2"]
[WhiteElo "2392"]
[BlackElo "2582"]
[TimeControl "180+1"]
[EndTime "8:29:18 PST"]
[Termination "Game drawn by repetition"]

1. e4 Nc6 2. d4 d5 3. e5 Bf5 4. c3 Qd7 5. Nf3 O-O-O 6. Be3 f6 7. b4 g5 8. Be2 h5 9. b5 Na5 10. Qa4 b6 11. Nbd2 Kb8 12. Nb3 Nc4 13. Bxc4 dxc4 14.
Qxc4 g4 15. Nh4 Be6 16. Qe2 fxe5 17. dxe5 Bxb3 18. axb3 Bg7 19. Bd4 Rh6 20. O-O c6 21. Rfd1 Qc7 22. Nf5 Rg6 23. Nxg7 Rxg7 24. e6 Rg5 25.
bxc6 Rd6 26. b4 Rxc6 27. Qe3 Rf5 28. Qe4 Nh6 29. Bg7 Rf4 30. Qe3 Nf5 31. Qe2 Nd6 32. Be5 Rf5 33. Bxd6 Rxd6 34. Rxd6 Qxd6 35. g3 Re5 36. Qa6 Qc7 37. Qd3 Rxe6 38. Rd1 Rd6 39. Qe2 Rxd1+ 40. Qxd1 Qxc3 41. Qd8+ Kb7 42. Qxe7+ Ka6 43.
Qe4 Kb5 44. Qd5+ Ka4 45. Qxh5 Qxb4 46. Qe8+ b5 47. Qe2 a5 48. Qd1+ Qb3 49. Qxg4+ b4 50. h4 Qb1+ 51. Kh2 Ka3 52. h5 b3 53. h6 Qc2 54. Qd7 Qxf2+ 55. Kh3 Qf1+ 56. Kg4 Qe2+ 57. Kh4 Qh2+ 58. Kg5 a4 59. h7 Ka2 60. Qg7 a3 61. h8=Q Qd2+ 62. Kg6 Qd3+ 63. Kf7 Qd5+ 64. Kf8 Qd8+ 65. Kf7 Qd5+ 66. Kg6 Qe4+ 67. Kf7 Qd5+ 1/2-1/2

[Event "Early-Titled-Tuesday-Blitz-February-27-2024"]
[Site "Chess.com"]
[Date "2024.02.27"]
[Round "3"]
[White "killer_dreams"]
[Black "ValentinDragnev"]
[Result "0-1"]
[WhiteElo "2494"]
[BlackElo "2747"]
[TimeControl "180+1"]
[EndTime "8:29:19 PST"]
[Termination "ValentinDragnev won by resignation"]

1. d4 Nf6 2. Nf3 g6 3. g3 Bg7 4. Bg2 O-O 5. O-O d6 6. c4 Bf5 7. Nc3 Ne4 8. Nd5 c6 9. Ne3 Bc8 10. b3 a5 11. a4 Na6 12. Bb2 Nb4 13. Nc2 Qb6 14. Nxb4 Qxb4 15. Ba3 Qb6 16. e3 Rd8 17. Ne1 Nf6 18. Nd3 Bf5 19. c5 Qa6 20. Nc1 dxc5 21. Bxc5 e5 22. Qe2 Qxe2 23. Nxe2 Bd3 24. Rfe1 Nd7 25.
Nc1 Nxc5 26. dxc5 e4 27. Ra2 Bb1 28. Rae2 Rd5 29. Na2 Bd3 30. Rd2 Rxc5 31. Rc1 Rf5 32. Nc3 Re8 33. Bf1 Bxf1 34. Kxf1 Rc5 35. Ne2 Rxc1+ 36.
Nxc1 Bf6 37. Ke2 Rd8 38. Rxd8+ Bxd8 39. Kd2 Bf6 40. Ne2 Be5 41. Ng1 f5 42. f4 Bf6 43. Ne2 Kf7 44. Kc2 Ke6 45. Kd2 Kd5 46. Kc2 Kc5 47. Nc1 b5 48. axb5 cxb5 49. Na2 a4 50.
bxa4 bxa4 51. Kd2 Kc4 52. Kc2 h5 53. Nc1 a3 54. Na2 Bg7 55. Nc1 Bf6 56. Na2 Bb2 57. h3 Bf6 58. Nc1 Bg7 59. Na2 Bb2 60. Kb1 Kb3 61. h4 Bf6 62. Nc1+ Kc3 63. Ka2 Kd2 64. Nb3+ Kxe3 65. Kxa3 Kf2 66. Kb4 e3 67. Nc1 e2 68.
Nd3+ Kf1 69. Kc5 0-1

[Event "Early-Titled-Tuesday-Blitz-February-27-2024"]
[Site "Chess.com"]
[Date "2024.02.27"]
[Round "3"]
[White "andrzej"]
[Black "IMRosen"]
[Result "1-0"]
[WhiteElo "2501"]
[BlackElo "2701"]
[TimeControl "180+1"]
[EndTime "8:29:21 PST"]
[Termination "andrzej won on time"]

1. e4 c5 2. Nf3 Nc6 3. d4 cxd4 4. Nxd4 g6 5. c4 Nf6 6. Nc3 d6 7. Be2 Nxd4 8. Qxd4 Bg7 9. O-O O-O 10. Qd3 a5 11. Be3 a4 12. Bd4 Nd7 13. Bxg7 Kxg7 14. b4 axb3 15. axb3 Nc5 16. Qc2 Rxa1 17. Rxa1 Bd7 18. b4 Ne6 19. Qb2 f6 20. Nd5 Bc6 21. h4 Bxd5 22. exd5 Nf4 23. Bf1 Qb6 24. Re1 Rf7 25.
g3 Nh5 26. Kg2 Kf8 27. Be2 Ng7 28. Bg4 f5 29. Bf3 Qc7 30. c5 dxc5 31. bxc5 Qxc5 32. Qxb7 Kg8 33. d6 Qxd6 34. Qb3 e6 35. Rd1 Qe7 36. Bc6 Rf8 37. Rd7 Qf6 38. Qb7 h6 39. Ba4 g5 40. hxg5 hxg5 41. Bb3 f4 42. g4 f3+ 43. Kg1 Qa1+ 44. Rd1 Qf6 45. Qe4 Rb8 46. Bc2 Re8 47. Qh7+ Kf7 48. Rd7+ Re7 49. Rd8 Re8 50. Rd7+ Re7 51. Bg6+ Qxg6 52. Rxe7+ Kf6 53. Qxg6+ Kxg6 54. Ra7 Kf6 55. Ra3 Kg6 56. Rxf3 Ne8 57. Re3 Kf6 58. Kg2 Nc7 59. Ra3 Nd5 60. Ra4 Nc3 61. Rc4 Nd5 62. Ra4 Nc3 63. Ra8 Ne2 64. Kf3 Nd4+ 65. Ke4 Ne2 66. f3 Ng3+ 67. Ke3 Nf1+ 68. Ke2 Ng3+ 69. Kf2 1-0

[Event "Early-Titled-Tuesday-Blitz-February-27-2024"]
[Site "Chess.com"]
[Date "2024.02.27"]
[Round "3"]
[White "semchik73"]
[Black "BrandonJiang123456"]
[Result "1-0"]
[WhiteElo "2430"]
[BlackElo "2211"]
[TimeControl "180+1"]
[EndTime "8:29:21 PST"]
[Termination "semchik73 won by resignation"]

1. Nf3 d6 2. d4 f5 3. c4 Nf6 4. d5 e5 5. dxe6 Bxe6 6. Nd4 Bd7 7.
Nc3 Be7 8. g3 O-O 9. Bg2 Nc6 10.
O-O Qe8 11. Nd5 Nxd5 12. Bxd5+ Kh8 13. Nb5 Rc8 14. Bf4 a6 15. Nd4 Bf6 16. Nf3 Qh5 17.
h4 Qg4 18. Nh2 Qh5 19. e4 Qxd1 20.
Rfxd1 fxe4 21. Bxe4 b6 22. Rd2 Ne5 23. Rc1 Rfe8 24.
Bb7 Rb8 25. Bg2 Be6 26. b3 Re7 27. Nf3 Nxf3+ 28. Bxf3 Rbe8 29. Re2 Bd7 30. Rce1 Rxe2 31. Rxe2 Rxe2 32. Bxe2 Bf5 33. c5 bxc5 34. Bxa6 Bb1 35. a4 Bc3 36. Bc4 Bb4 37. Kg2 g6 38. Kf3 Kg7 39.
Bg5 Kf8 40. Bd8 Ba5 41. Bf6 Ke8 42. Bg8 h5 43. Bb2 c6 44. Bc1 d5 45. Be6 Be4+ 46.
Kf4 Ke7 47. Bc8 Bc7+ 48. Kg5 Be5 49. Kh6 d4 50. Ba6 d3 51. Bg5+ Kd6 52. Bc4 Bc3 53.
Kh7 d2 54. Be2 Bc2 55. Bd8 d1=Q 56. Bxd1 Bxd1 57. Kxg6 Bf3 58. a5 Kd7 59. a6 Kc8 60. Bb6 Kb8 61. Kf5 c4 62. bxc4 Be2 63. a7+ Kb7 64. c5 Bf3 65. Kg5 Bg4 66. Kf4 Bd1 67.
f3 Bd2+ 68. Ke4 Bc2+ 69. Ke5 Be1 70. g4 Bxh4 71. gxh5 Bg3+ 72. f4 Bh2 73. h6 Bh7 74. Bd8 Bg8 75. Bg5 Kxa7 76. Kd6 Bb3 77. Kxc6 Kb8 78. h7 Kc8 79. h8=Q+ 1-0

[Event "Early-Titled-Tuesday-Blitz-February-27-2024"]
[Site "Chess.com"]
[Date "2024.02.27"]
[Round "3"]
[White "Skatchkov_V"]
[Black "Muslim_player_05"]
[Result "1-0"]
[WhiteElo "2654"]
[BlackElo "2462"]
[TimeControl "180+1"]
[EndTime "8:29:22 PST"]
[Termination "Skatchkov_V won by checkmate"]

1. d4 Nf6 2. c4 g6 3. Nc3 Bg7 4. e4 d6 5. h3 O-O 6. Bg5 c5 7. d5 a6 8. a4 h6 9. Be3 e6 10. Qd2 exd5 11. exd5 Re8 12. Bd3 Nbd7 13. Nf3 Ne5 14.
Nxe5 Rxe5 15. O-O Qf8 16. Bf4 Re8 17. Rae1 Bd7 18. b3 Nh5 19. Bh2 b6 20. Ne4 Be5 21.
Bxe5 Rxe5 22. f4 Ree8 23. f5 Bxf5 24. g4 Bxe4 25. Rxe4 Rxe4 26. Bxe4 Ng3 27. Re1 Nxe4 28. Rxe4 Re8 29. Qe3 Rxe4 30. Qxe4 Qd8 31. Kg2 Kg7 32. Kg3 Qf6 33. Kg2 Qb2+ 34. Kh1 Qxb3 35. Qf4 Qxh3+ 36. Kg1 g5 37. Qxd6 Qxg4+ 38. Kh1 Qxc4 39. Qe5+ Kg6 40. d6 Qd3 41. Qe7 g4 42. d7 g3 43. Kg2 Qd2+ 44. Kxg3 Qd3+ 45. Kf4 Qf1+ 46. Ke5 Qe2+ 47.
Kd6 Qd3+ 48. Kc7 c4 49. d8=Q Qf3 50. Qdd6+ Kg7 51. Qee5+ Kh7 52. Qdf6 Qxf6 53. Qxf6 b5 54. Qxf7+ Kh8 55. Kd6 c3 56. Ke6 c2 57. Kf6 c1=Q 58.
Qg7# 1-0

[Event "Early-Titled-Tuesday-Blitz-February-27-2024"]
[Site "Chess.com"]
[Date "2024.02.27"]
[Round "3"]
[White "jens1102"]
[Black "toninhojit"]
[Result "1-0"]
[WhiteElo "2682"]
[BlackElo "2480"]
[TimeControl "180+1"]
[EndTime "8:29:24 PST"]
[Termination "jens1102 won by resignation"]

1. e4 e5 2. Nf3 Nc6 3. Bb5 Nf6 4. O-O Nxe4 5. Re1 Nd6 6. Nxe5 Nxe5 7. Rxe5+ Be7 8.
Bf1 O-O 9. Nc3 Bf6 10. Re2 Re8 11. d4 Rxe2 12. Bxe2 c6 13. Qd3 Ne8 14. d5 c5 15. d6 Be5 16. Ne4 Qb6 17. Be3 Qxb2 18. Rd1 Nf6 19. Nxf6+ Bxf6 20. Bxc5 Qe5 21. Be3 b6 22.
Bf3 Rb8 23. Qa3 a5 24. Bd4 Qf5 25. Qe3 g6 26. Qe8+ Kg7 27. Bd5 Bxd4 28. Rxd4 Bb7 29. Qxb8 Bxd5 30. Qe8 Bc6 31. Qe2 Qc5 32. Qd2 h5 33. c3 Qf5 34. h3 a4 35. Rf4 Qe5 36. Qd4 Qxd4 37. cxd4 f5 38. h4 Kf6 39. d5 Bxd5 40. Rxa4 Bc6 41. Rb4 b5 42. Rd4 Ke5 43. Rd2 Bd5 44. f3 Kxd6 45. Kf2 Kc5 46. Ke3 Be6 47. Kf4 Kc4 48. Kg5 Kc3 49. Rf2 Bf7 50.
Kf6 Bc4 51. Kxg6 Bd3 52. Kxh5 d5 53. g4 d4 54. g5 f4 55. g6 Bc4 56. g7 d3 57. Kg6 d2 58. Rxd2 Kxd2 59. h5 Bxa2 60.
h6 b4 61. h7 Bb1+ 62. Kh6 Bxh7 63. Kxh7 b3 64. g8=Q b2 65. Qa2 Kc1 66. Qc4+ Kd1 67. Qd3+ Kc1 68. Qc3+ Kb1 69. Kg6 Ka2 70. Qa5+ Kb1 71.
Kf5 Kc2 72. Qc5+ Kd2 73. Qd4+ Kc2 74. Qc4+ Kd2 75. Qb3 Kc1 76. Qc3+ Kb1 77. Kxf4 Ka2 78. Qa5+ Kb3 79. Qb5+ Kc3 80. Ke5 b1=Q 81. Qxb1 1-0

[Event "Early-Titled-Tuesday-Blitz-February-27-2024"]
[Site "Chess.com"]
[Date "2024.02.27"]
[Round "3"]
[White "MITerryble"]
[Black "AlexTruskavetsky"]
[Result "1-0"]
[WhiteElo "3032"]
[BlackElo "2735"]
[TimeControl "180+1"]
[EndTime "8:29:25 PST"]
[Termination "MITerryble won by resignation"]

1. Nf3 Nf6 2. d4 e6 3. c4 d5 4. e3 c6 5. b3 b6 6. Bd3 Bb7 7. Bb2 Nbd7 8. O-O Bd6 9. Nbd2 O-O 10. Qe2 Qc7 11. Rac1 Rad8 12. Rfe1 Rfe8 13. h3 Qb8 14. e4 dxe4 15. Nxe4 Nxe4 16. Bxe4 c5 17. Bxb7 Qxb7 18. d5 e5 19. Nh4 g6 20. f4 f5 21.
Nxf5 gxf5 22. Qh5 Nf8 23. fxe5 Qg7 24. Qxf5 Ng6 25. exd6 Qxb2 26. d7 Rf8 27. Qe6+ Kg7 28. Rf1 Nf4 29. Qg4+ Kh8 30. Kh1 Rg8 31. Qf3 Nxg2 32.
Rb1 Qe5 33. Qf2 Ne3 34. Rbe1 Qe4+ 35. Qf3 Qxf3+ 36. Rxf3 Nc2 37. Re7 Rg7 38. Re8+ Rg8 39. Re7 Rg7 40. d6 h5 41. Rf6 Rxd7 42. Rh6+ Kg8 43.
Rxg7+ Kxg7 44. Rxh5 Rxd6 45. Rg5+ Kf6 46. Rh5 Kg6 47. Re5 Nd4 48. Re7 a5 49. Kg2 Nf5 50.
Rb7 Kg5 51. Kf3 Rd3+ 52. Ke4 Rd4+ 53. Ke5 Rd6 54. Rf7 Nh6 55. h4+ Kg6 56. Kxd6 Nxf7+ 57. Kc6 Ne5+ 58. Kxb6 Nd3 59. Kxa5 Kh5 60. Kb5 Kxh4 61. a4 Kg5 62. a5 Nb4 63. a6 Nxa6 64. Kxa6 Kf4 65. Kb5 Ke5 66. Kxc5 Ke6 67. Kc6 Ke7 68. Kc7 Ke6 69. b4 Ke5 70. b5 Kd4 71. b6 Kxc4 72.
b7 Kc5 73. b8=Q Kc4 74. Qb6 1-0